 Dungeon Crawl Stone Soup version 0.25.0-11-g1f837a76a1 (webtiles) character file.

Game seed: 10735190534520501404

186 nikku the Distorting Demonspawn (level 5, -5/42 HPs)
             Began as a Demonspawn Abyssal Knight on June 26, 2020.
             Was a Believer of Lugonu.
             Slain by an ogre
             ... wielding a +0 giant club
              (25 damage)
             ... on level 3 of the Dungeon.
             The game lasted 00:10:13 (3909 turns).

nikku the Distorting Demonspawn (DsAK)              Turns: 3909, Time: 00:10:14

Health: -5/42      AC:  8    Str: 14    XL:     5   Next: 38%
Magic:  8/8        EV: 10    Int: 13    God:    Lugonu [**....]
Gold:   124        SH:  5    Dex: 12    Spells: 4/4 levels left

rFire    + + .     SeeInvis .   a - +2 hand axe
rCold    . . .     Gourm    .   (no shield)
rNeg     . . .     Faith    .   i - +0 ring mail
rPois    .         Spirit   .   (no helmet)
rElec    .         Reflect  +   q - +0 cloak
rCorr    .         Harm     .   (no gloves)
MR       .....                  (no boots)
Stlth    ..........             e - amulet of reflection
HPRegen  0.14/turn              m - ring of protection from fire
MPRegen  0.11/turn              (no ring)

@: no status effects
A: hooves 2, yellow scales 1, fire resistance 1
a: Depart the Abyss, Bend Space, Renounce Religion


You were on level 3 of the Dungeon.
You worshipped Lugonu.
Lugonu was pleased with you.
You were not hungry.

You visited 1 branch of the dungeon, and saw 4 of its levels.
You visited the Abyss 1 time.

You collected 124 gold pieces.

Inventory:

Hand Weapons
 a - a +2 hand axe (weapon)
Missiles
 k - 6 javelins
 o - 15 poisoned darts (quivered)
Armour
 i - a +0 ring mail (worn)
 q - a +0 cloak (worn)
Jewellery
 e - an amulet of reflection (around neck)
 m - a ring of protection from fire (left hand)
Scrolls
 g - 2 scrolls of teleportation
 j - 2 scrolls of magic mapping
 p - 2 scrolls of remove curse
Potions
 b - a potion of cancellation {unknown}
 d - a potion of magic {unknown}
 h - 3 potions of curing
 n - a potion of heal wounds {unknown}
 r - a potion of lignification {unknown}
 s - a potion of might {unknown}
 t - 2 potions of mutation {unknown}
Comestibles
 c - 8 rations


   Skills:
 + Level 3.9 Fighting
 + Level 2.8 Axes
 + Level 3.0 Armour
 - Level 1.0 Dodging
 + Level 4.2 Invocations


You had 4 spell levels left.
You didn't know any spells.
Your spell library was empty.

Dungeon Overview and Level Annotations

Branches:
Dungeon (4/15)
 Temple: D:4-7

Altars:
Dithmenos
Kikubaaqudgha
Wu Jian

Annotations:
D:4 Eustachio


Innate Abilities, Weirdness & Mutations

You have hoof-like feet.
You are partially covered in yellow scales. (AC +2)
Your flesh is heat resistant. (rF+)


Message History

Okay, then.
You hit the ogre. Your kick misses the ogre.
The ogre is lightly wounded.
You barely miss the ogre.
The ogre is lightly wounded.
The ogre hits you with a +0 giant club!
You barely miss the ogre. You kick the ogre, but do no damage.
The ogre is lightly wounded.
The ogre barely misses you.
You hit the ogre. Your kick misses the ogre.
The ogre is moderately wounded.
The ogre hits you with a +0 giant club!
You hit the ogre. Your kick misses the ogre.
The ogre is heavily wounded.
The ogre completely misses you.
You slash the ogre!
The ogre is almost dead.
The ogre hits you with a +0 giant club!!
Ouch! That really hurt!
You die...

##############.......
#..................#.
#.############..#..#.
#.# #.###... #.#
#..#...#
#.############....#.#
#...[........(.#.#...
#..O.....#######.#...
##.#@##..#######.....
#.#.##.......).#....
#.#.#....######.....
#.###....# #.#... #.#
#....# #.#... #.#
♣....♣ #.#.#) #.#
♣...♣♣ #..### #.#
♣♣.♣♣ ###...#. ##.#
♣.♣♣ #...##.#


You could see an ogre.

Vanquished Creatures
  An orc wizard (D:3)
  Crazy Yiuf (D:3)
  A worker ant zombie (D:3)
  3 adders
  An ooze (D:3)
  2 worms (D:3)
  3 leopard geckos
  2 orcs (D:3)
  4 ball pythons
  4 giant cockroaches
  9 goblins
  10 hobgoblins
  7 bats
  7 frilled lizards
  8 kobolds
  14 rats
77 creatures vanquished.

Vanquished Creatures (others)
  A human (D:3)
  2 starspawn tentacles (Abyss:1)
3 creatures vanquished.

Grand Total: 80 creatures vanquished

Notes
Turn   | Place    | Note
-------+----------+-------------------------------------------
     0 | Abyss:1  | nikku the Demonspawn Abyssal Knight began the quest for the
                  | Orb.
     0 | Abyss:1  | Reached XP level 1. HP: 18/18 MP: 2/2
    76 | Abyss:1  | Noticed a spatial vortex
   116 | Abyss:1  | Noticed a tentacled starspawn
   126 | D:1      | Escaped the Abyss
   224 | D:1      | Reached skill level 1 in Dodging
   443 | D:1      | Gained mutation: You have large cloven feet. [demonic
                  | ancestry]
   443 | D:1      | Reached XP level 2. HP: 24/24 MP: 4/4
   762 | D:1      | Reached * piety under Lugonu
   873 | D:1      | Reached skill level 3 in Invocations
  1204 | D:1      | Gained mutation: You have hoof-like feet. [demonic
                  | ancestry]
  1204 | D:1      | Reached XP level 3. HP: 16/29 MP: 5/5
  2270 | D:2      | Gained mutation: Your flesh is heat resistant. (rF+)
                  | [demonic ancestry]
  2270 | D:2      | Reached XP level 4. HP: 35/35 MP: 6/6
  2547 | D:3      | Reached ** piety under Lugonu
  3003 | D:3      | Found an ancient bone altar of Kikubaaqudgha.
  3004 | D:3      | Noticed a human
  3007 | D:3      | Killed a human
  3032 | D:3      | Found an ornate altar of the Wu Jian Council.
  3089 | D:3      | Found a shadowy altar of Dithmenos.
  3304 | D:3      | Reached skill level 4 in Invocations
  3304 | D:3      | Gained mutation: You are partially covered in yellow
                  | scales. (AC +2) [demonic ancestry]
  3304 | D:3      | Reached XP level 5. HP: 34/42 MP: 6/8
  3584 | D:3      | Found a runed translucent door.
  3585 | D:3      | Noticed Crazy Yiuf
  3760 | D:3      | Killed Crazy Yiuf
  3901 | D:4      | Noticed Eustachio
  3901 | D:4      | Noticed an ogre
  3909 | D:3      | Slain by an ogre

Illustrated notes

Levels and vault maps discovered:
D:1:      ncdulo_smallfort, layout_loops_ring
D:2:      minmay_chambers_of_twos, layout_rooms
D:3:      layout_loops_ring, old_standard_altar, old_standard_altar,
          first_ration, tgw_kikubaaqudgha, uniq_crazy_yiuf_cottage
D:4:      lemuel_upstairs_altar, layout_gridville, old_standard_altar,
          temple_pool_b, uniq_eustachio, uniq_pikel

Skill      XL: |  1  2  3  4  5 |
---------------+----------------+-----
Dodging        | 1 |  1.0
Armour         | 2 3 |  3.0
Axes           | 2 |  2.8
Invocations    | 3 4 |  4.2
Fighting       | |  3.9

Action                   |  1- 3 |  4- 6 || total
-------------------------+-------+-------++-------
Melee: Hand axe          |   127 |   105 ||   232
       Kick              |    14 |    22 ||    36
Throw: Dart              |       |    22 ||    22
Invok: Depart the Abyss  |     1 |       ||     1
  Use: Scroll            |     3 |     3 ||     6
  Eat: Chunk             |     4 |     6 ||    10
Armor: Leather armour    |     7 |       ||     7
       Ring mail         |    40 |    28 ||    68
Dodge: Dodged            |    63 |    35 ||    98
Block: Other             |    14 |    19 ||    33
       Reflection        |       |     1 ||     1
